 Dungeon Crawl Stone Soup version 0.30-a0-622-gddc90eaa04 (webtiles) character file.

Game seed: 2420372205904937884

2555 QueenGhuleh the Cleaver (level 9, -10/117 HPs)
             Began as a Minotaur Berserker on Jan 9, 2023.
             Was a Priest of Trog.
             Mangled by a death yak (11 damage)
             ... on level 8 of the Dungeon on Jan 10, 2023.
             The game lasted 00:10:48 (4618 turns).

QueenGhuleh the Cleaver (Minotaur Berserker)        Turns: 4618, Time: 00:10:49

Health: -10/117    AC: 13    Str: 27    XL:     9   Next: 31%
Magic:  8/8        EV:  8    Int:  4    God:    Trog [***...]
Gold:   454        SH:  0    Dex:  9    Spells: 8/8 levels left

rFire   . . .      SeeInvis .    f - +0 glaive
rCold   + . .      Faith    .    (shield currently unavailable)
rNeg    . . .      Spirit   .    y - +0 plate armour
rPois   .          Reflect  .    (helmet restricted)
rElec   .          Harm     .    (no cloak)
rCorr   .          Rampage  .    (no gloves)
Will    .....                    (no boots) Stlth
                                 B - amulet of regeneration
HPRegen 1.19/turn                q - ring of protection from cold
MPRegen 0.11/turn                (no ring)

@: berserking, very quick
A: horns 2, retaliatory headbutt
a: Renounce Religion, Berserk, Trog's Hand


You were on level 8 of the Dungeon.
You worshipped Trog.
Trog was most pleased with you.
You visited 1 branch of the dungeon, and saw 8 of its levels.

You collected 454 gold pieces.

Inventory:

Hand Weapons
 f - a +0 glaive (weapon)
 u - a +0 broad axe
Armour
 y - a +0 plate armour (worn)
Jewellery
 q - a ring of protection from cold (left hand)
 s - a +6 ring of intelligence
 B - an amulet of regeneration (around neck)
 D - a ring of poison resistance
 F - an amulet of guardian spirit
Wands
 C - a wand of digging (7)
Scrolls
 a - a scroll of torment {unknown}
 b - a scroll of brand weapon {unknown}
 d - 7 scrolls of identify {unknown}
 g - a scroll of silence {unknown}
 h - a scroll of enchant weapon {unknown}
 j - a scroll of poison {unknown}
 k - 3 scrolls of teleportation {unknown}
 l - 3 scrolls of vulnerability {unknown}
 p - a scroll of blinking {unknown}
 t - a scroll of fear {unknown}
 v - a scroll of noise {unknown}
 z - a scroll of enchant armour {unknown}
 E - a scroll of magic mapping {unknown}
 G - a scroll of fog {unknown}
Potions
 c - 3 potions of curing {unknown}
 e - 2 potions of berserk rage {unknown}
 i - a potion of resistance {unknown}
 m - 3 potions of haste {unknown}
 n - 4 potions of brilliance {unknown}
 o - 2 potions of might {unknown}
 r - 2 potions of magic {unknown}
 w - a potion of cancellation {unknown}
 x - a potion of attraction {unknown}
 A - 2 potions of lignification {unknown}


   Skills:
 + Level 6.9 Fighting
 + Level 9.1(10.2) Axes
 + Level 7.1(9.2) Polearms
 + Level 8.2 Armour
 + Level 3.7 Dodging


You had 8 spell levels left.
You didn't know any spells.
Your spell library was empty.

Dungeon Overview and Level Annotations

Branches:
Dungeon (8/15)             Temple (0/1) D:5
   Lair: D:8-11

Altars:
Elyvilon
Nemelex Xobeh
Sif Muna

Shops:
D:6 *


Innate Abilities, Weirdness & Mutations

You have a pair of horns on your head.
You reflexively headbutt those who attack you in melee.


Message History

The centaur shoots an arrow.
The arrow barely misses you.
The centaur shoots an arrow.
The arrow hits you.
You slash the death yak!
The death yak is heavily wounded.
The centaur shoots an arrow.
The arrow hits you.
A death yak comes into view.
The death yak gores you.
You hit the death yak. You headbutt the death yak.
The death yak is heavily wounded.
The centaur shoots an arrow.
The arrow closely misses you.
The death yak gores you but does no damage.
The death yak gores you. x2; The centaur shoots an arrow.
The arrow hits you.
A red film seems to cover your vision as you go berserk!
You feel yourself moving faster!
You feel mighty!
The centaur shoots an arrow.
The arrow hits you. The death yak closely misses you. You furiously retaliate!
You headbutt the death yak!! The death yak gores you!! The death yak gores you!
You are too injured to fight recklessly!
You are too injured to fight recklessly!
You are too injured to fight recklessly!
You are too injured to fight recklessly!
Unknown command.
You are too injured to fight recklessly!
You are too injured to fight recklessly!
You slash the death yak!
The death yak is moderately wounded.
The centaur shoots an arrow.
The arrow hits you. The death yak gores you!
* * * LOW HITPOINT WARNING * * *
The death yak gores you!
* * * LOW HITPOINT WARNING * * *
A death yak comes into view.
The death yak gores you!
* * * LOW HITPOINT WARNING * * *
You slice the death yak!! Your headbutt misses the death yak.
The death yak is severely wounded.
The centaur shoots an arrow.
The arrow hits you.
* * * LOW HITPOINT WARNING * * *
The death yak gores you.
* * * LOW HITPOINT WARNING * * *
The death yak gores you!
You die...

....).## ..#. .
......####...⌠. .
#..........#.# #.
#............. .##.#
###..........#
...(.##............. .
#.....#.........###...
#....YY#.#).........)
#..YY@.##...<.......
#Y.....##..#.........
.......####.#.........
....... #....#......
...c.#. .....###....
....... ...... ....
.... .. ....... ...
...?... ........ ..


You could see 5 death yaks and a centaur.

Vanquished Creatures
  Sigmund (D:6)
  A wyvern (D:6)
  2 steam dragons
  2 orc warriors
  The ghost of bmack86 the Trooper, an amateur MiFi (D:3)
  A sky beast (D:7)
  3 ogres
  2 phantoms
  2 kobold brigands
  2 bullfrogs (D:6)
  A necrophage (D:6)
  5 wights (D:6)
  A jelly (D:6)
  An orc priest (D:5)
  2 hounds
  3 iguanas
  11 orc wizards
  5 adders
  A white imp (D:6)
  An ufetubus (D:6)
  A worm (D:3)
  2 dart slugs
  15 orcs
  8 endoplasms
  3 giant cockroaches
  6 goblins
  3 hobgoblins
  14 kobolds
  A quokka (D:4)
  6 ball pythons
  3 bats
  3 frilled lizards
  3 rats
  A butterfly (D:5)
117 creatures vanquished.

Notes
Turn   | Place    | Note
-------+----------+-------------------------------------------
     0 | D:1      | QueenGhuleh the Minotaur Berserker began the quest for the
                  | Orb.
     0 | D:1      | Reached XP level 1. HP: 19/19 MP: 0/0
   161 | D:1      | Reached skill level 4 in Axes
   161 | D:1      | Reached XP level 2. HP: 23/27 MP: 1/1
   199 | D:1      | Found a faded altar of an unknown god.
   440 | D:2      | Reached XP level 3. HP: 32/33 MP: 2/2
   506 | D:2      | Reached ** piety under Trog
   977 | D:3      | Upgraded the game from 0.30-a0-618-gd6c86c23d0 to
                  | 0.30-a0-622-gddc90eaa04
  1001 | D:3      | Found a runed translucent door.
  1001 | D:3      | Noticed bmack86's ghost (amateur MiFi)
  1001 | D:3      | Noticed a kobold brigand
  1100 | D:3      | Reached XP level 4. HP: 41/41 MP: 3/3
  1171 | D:3      | Reached skill level 5 in Axes
  1259 | D:3      | Noticed a phantom
  1269 | D:3      | Killed a phantom
  1270 | D:3      | Reached XP level 5. HP: 43/47 MP: 4/4
  1699 | D:3      | Killed bmack86's ghost
  1700 | D:3      | Reached skill level 6 in Axes
  1700 | D:3      | Reached XP level 6. HP: 51/55 MP: 5/5
  1811 | D:4      | Identified the amulet of the Greedy {Spirit Str+4 Int+3}
  1837 | D:4      | Reached skill level 5 in Fighting
  1837 | D:4      | Reached skill level 7 in Axes
  2017 | D:4      | Reached XP level 7. HP: 48/61 MP: 6/6
  2405 | D:5      | Entered Level 5 of the Dungeon
  2410 | D:5      | Reached skill level 8 in Axes
  2410 | D:5      | Reached skill level 5 in Armour
  2472 | D:5      | Reached XP level 8. HP: 70/70 MP: 7/7
  2744 | D:5      | Reached *** piety under Trog
  2788 | D:5      | Found a staircase to the Ecumenical Temple.
  2954 | D:6      | Reached skill level 1 in Polearms
  2980 | D:6      | Found a shimmering blue altar of Sif Muna.
  3123 | D:6      | Reached skill level 9 in Axes
  3234 | D:6      | Found Ziruypeh's Mass Market.
  3273 | D:6      | Reached skill level 5 in Polearms
  3278 | D:6      | HP: 2/60 [wight/+0 halberd (4)]
  3332 | D:6      | Noticed Sigmund
  3341 | D:6      | Killed Sigmund
  3342 | D:6      | Reached XP level 9. HP: 69/75 MP: 8/8
  3353 | D:6      | Found a white marble altar of Elyvilon.
  3394 | D:6      | Identified the +8 flail of Compassion {speed, Str+4}
  4086 | D:7      | Found a sparkling altar of Nemelex Xobeh.
  4610 | D:8      | Noticed a death yak
  4611 | D:8      | Noticed a death yak
  4611 | D:8      | Noticed a death yak
  4614 | D:8      | Noticed a death yak
  4617 | D:8      | Noticed a death yak
  4617 | D:8      | HP: 4/117 [death yak (16)]
  4618 | D:8      | HP: 1/117 [death yak (2)]
  4618 | D:8      | Mangled by a death yak

Illustrated notes

Levels and vault maps discovered:
D:1:      spicycebolla_green_bress_n_ham_2, layout_rooms,
          ebering_ecumenical_altar_ruins
D:2:      layout_rooms
D:3:      layout_loops_ring, ebering_ghost_inner_flame, corner_web_ring,
          minmay_hedge_maze
D:4:      layout_cave_pools
D:5:      layout_cave_pools, minmay_temple_entry_butterflies
D:6:      layout_basic, mainiacjoe_overflow_cross_hatched, elyvilon_altar_1,
          minmay_shop_mass, uniq_sigmund
D:7:      layout_basic, mainiacjoe_overflow_concentric_impassable
D:8:      layout_cave_pools, dpeg_lair_monsters, enter_bailey_2,
          chequers_mini_garden, hangedman_decor_push, minmay_shop_grid_forest,
          kennysheep_kite_vault

Skill      XL: |  1  2  3  4  5  6  7  8  9 |
---------------+----------------------------+-----
Axes           | 4 5 6 7 8 9 |  9.1
Fighting       | 4 5 6 |  6.9
Dodging        | 3 |  3.7
Armour         | 3 4 6 7 8 |  8.2
Polearms       | 5 7 |  7.1

Action                   |  1- 3 |  4- 6 |  7- 9 || total
-------------------------+-------+-------+-------++-------
Melee: Hand axe          |    78 |    78 |    27 ||   183
       Headbutt          |    11 |    14 |    24 ||    49
       Punch             |       |     2 |       ||     2
       Glaive            |       |       |   156 ||   156
Invok: Berserk           |       |     2 |     7 ||     9
Armor: Animal skin       |     2 |       |       ||     2
       Chain mail        |    35 |    27 |    13 ||    75
       Plate armour      |       |       |   135 ||   135
Dodge: Dodged            |    46 |    20 |    82 ||   148

Table legend: (Time is in decaauts)
 A = Elapsed time spent in this place.
 B = Non-inter-level travel time spent in this place.
 C = Inter-level travel time spent in this place.
 D = Time resting spent in this place.
 E = Time spent auto-exploring this place.
 F = Levels seen in this place.
 G = Mean time per level.
                   A        B        C        D        E       F      G
               +--------+--------+--------+--------+--------+-----+--------+
         Total |   4728 |   4540 |    188 |      0 |   3641 |   8 |  591.0 |
       Dungeon |   4728 |   4540 |    188 |      0 |   3641 |   8 |  591.0 |
               +--------+--------+--------+--------+--------+-----+--------+

Top non-repeatable levels by time:
     D:3: 917 daAuts
     D:6: 861 daAuts
     D:7: 852 daAuts
     D:4: 628 daAuts
     D:5: 559 daAuts
     D:2: 513 daAuts
     D:1: 381 daAuts
     D:8: 14 daAuts
